 Dungeon Crawl Stone Soup version 0.17-a0-1497-g03599f7 (webtiles) character file.

334 matakusis the Grave Robber (level 6, 0/32 HPs)
             Began as a Deep Elf Necromancer on July 6, 2015.
             Was a Follower of Sif Muna.
             Succumbed to a scorpion's poison
             ... on level 4 of the Dungeon.
             The game lasted 00:38:26 (5151 turns).

matakusis the Grave Robber (Deep Elf Necromancer)   Turns: 5151, Time: 00:38:26

Health: 0/32       AC:  4    Str:  7    XL:     6   Next: 27%
Magic:  11/17      EV: 13    Int: 22    God:    Sif Muna [*.....]
Gold:   170        SH:  0    Dex: 15    Spells: 5 memorised, 4 levels left

rFire  . . .     SeeInvis .     h - +1 dagger
rCold  . . .     Clarity  .     a - +1 robe
rNeg   . . .     SustAt   .     (no shield)
rPois  .         Gourm    .     (no helmet)
rElec  .         Spirit   .     (no cloak)
rCorr  .         Warding  .     q - +0 pair of gloves
rMut   .         Stasis   .     (no boots)
MR     .....                    (no amulet)
Stlth  ++........               (no ring)
                                s - +2 ring of strength

@: lethally poisoned (0 -> -9), not resistant to hostile enchantments,
unstealthy
A: no striking features
a: Channel Energy, Renounce Religion


You were on level 4 of the Dungeon.
You worshipped Sif Muna.
Sif Muna was aware of your devotion.
You were hungry.

You visited 2 branches of the dungeon, and saw 5 of its levels.

You collected 170 gold pieces.

Inventory:

Hand weapons
 h - a +1 dagger (weapon)
Armour
 a - a +1 robe (worn)
 q - a +0 pair of gloves (worn)
Jewellery
 s - a +2 ring of strength (left hand)
Scrolls
 e - 3 scrolls of enchant weapon
 g - 4 scrolls of identify
 l - 4 scrolls of remove curse
 o - a scroll of teleportation
 p - a scroll of amnesia {unknown}
Potions
 d - a potion of berserk rage {unknown}
 f - a potion of agility
 i - 2 potions of heal wounds
 j - a potion of flight
 m - 4 potions of curing
 r - a potion of invisibility {unknown}
Books
 b - a book of Necromancy

   Spells                             Type                      Level
   a - Pain                           Necromancy                   1
   b - Animate Skeleton               Necromancy                   1
   c - Vampiric Draining              Necromancy                   3
   d - Regeneration                   Charms/Necromancy            3
   e - Animate Dead                   Necromancy                   4
   f - Control Undead                 Necromancy                   4
Comestibles
 c - 4 bread rations
 k - 3 meat rations
 n - 5 fruits


   Skills:
 - Level 2.5 Dodging
 - Level 2.4 Stealth
 + Level 6.2 Spellcasting
 + Level 7.6 Necromancy


You had 4 spell levels left.
You knew the following spells:

 Your Spells              Type           Power        Failure   Level  Hunger
a - Pain                  Necr           ####         1%          1    None
b - Animate Skeleton      Necr           N/A          1%          1    None
c - Regeneration          Chrm/Necr      ###.......   8%          3    #......
d - Animate Dead          Necr           N/A          4%          4    ###....
e - Control Undead        Necr           #####.....   4%          4    ###....


Dungeon Overview and Level Annotations

Branches:
Dungeon (4/15)             Temple (1/1) D:4

Altars:
Cheibriados
Elyvilon
Makhleb
Nemelex Xobeh
Okawaru
Qazlal
Sif Muna
Trog
Xom
Yredelemnul
Zin
The Shining One


Message History

You feel sick. The scorpion barely misses you.
You feel sick.
You are no longer poisoned.
There is an open door here.
There is a staircase to the Ecumenical Temple here.
There is an open door here.
The scorpion stings you.
* * * LOW HITPOINT WARNING * * *
You are lethally poisoned!
The scorpion poisons you!
* * * LOW HITPOINT WARNING * * *
You feel sick.
Casting: Regeneration
Confirm with . or Enter, or press ? or * to list all spells.
Aiming: Pain
Press: ? - help, Shift-Dir - straight line, f/p - scorpion
Aim: a scorpion (moderately wounded, chance to defeat MR: 84%)
The scorpion convulses in agony!
You die...

..?#########..##...##............
.....##....#...#.................
....................##...###...#.
..................#####..# #...#.
..................# #..# ##....
..................# ##.# #....
#.................# #.## ##..#
##........####....# #..###...#
##...###.# ###@.# #..#...#..
##..### #.# ###s### #.....###.
##..# #.## ##.....## #....## #.
....### #..###.......####'### ##.
...[..###..#..##......#.....###..
.............###......#.⌠.⌠.#....
...###.....### ##.....'..>..'.###
.....##...## ##....##.⌠.⌠.#.# #
........)..## ##....###.....#.###


You could see a scorpion.

Vanquished Creatures
  2 hounds (D:4)
  An orc priest (D:3)
  2 worker ants (D:4)
  9 adders
  3 gnolls (D:4)
  An ooze (D:2)
  2 worms
  5 orcs
  A bat skeleton (D:4)
  12 goblins
  5 hobgoblins
  7 kobolds
  A quokka (D:2)
  8 bats
  A giant cockroach (D:2)
  4 giant geckos
  8 giant newts
  A jackal (D:3)
  5 rats
78 creatures vanquished.

Vanquished Creatures (collateral kills)
  An orc (D:3)
  A hobgoblin (D:3)
  A bat (D:4)
  3 goblins
  2 jackals (D:3)
  A kobold (D:3)
  A rat (D:4)
10 creatures vanquished.

Grand Total: 88 creatures vanquished

Notes
Turn   | Place    | Note
--------------------------------------------------------------
     0 | D:1      | matakusis the Deep Elf Necromancer began the quest for the Orb.
     0 | D:1      | Reached XP level 1. HP: 10/10 MP: 6/6
     2 | D:1      | Learned a level 1 spell: Animate Skeleton
    34 | D:1      | Reached skill level 5 in Necromancy
   326 | D:1      | Reached XP level 2. HP: 13/15 MP: 6/8
  1027 | D:2      | Reached XP level 3. HP: 6/19 MP: 5/10
  1649 | D:2      | Found a deep blue altar of Sif Muna.
  1652 | D:2      | Became a worshipper of Sif Muna the Loreminder
  1731 | D:2      | Learned a level 3 spell: Regeneration
  1825 | D:3      | Found a glowing silver altar of Zin.
  2160 | D:3      | Found a stormy altar of Qazlal.
  2211 | D:3      | Reached skill level 6 in Necromancy
  2211 | D:3      | Reached XP level 4. HP: 13/24 MP: 2/12
  2482 | D:3      | Found a glowing golden altar of the Shining One.
  2486 | D:3      | Reached skill level 5 in Spellcasting
  2722 | D:3      | Found a faded altar to an unknown god.
  3103 | D:3      | Reached XP level 5. HP: 26/28 MP: 11/14
  3142 | D:3      | Learned a level 4 spell: Animate Dead
  3148 | D:3      | Learned a level 4 spell: Control Undead
  3820 | D:4      | Reached skill level 7 in Necromancy
  3880 | D:4      | Found a staircase to the Ecumenical Temple.
  3886 | Temple   | Entered the Ecumenical Temple
  4249 | D:4      | Noticed a phantom
  4261 | D:4      | Reached XP level 6. HP: 22/32 MP: 0/16
  4706 | D:4      | Acquired Sif Muna's first power
  5151 | D:4      | Succumbed to a scorpion's poison

Vault maps used:
D:1:      evilmike_arrival_hilbert_curve, hex_large,
          minmay_misc_feat_more_columns
D:2:      lemuel_blue_sif_altar
D:3:      tso_altar, lemuel_doored_altar, nicolae_overflow_hidden_temple,
          ecumenical_altar_2, first_bread, kennysheep_generic_room_8
D:4:      gammafunk_temple_overflow_claw, minmay_temple_entry_hall,
          minmay_misc_feat_hallway
Temple:   minmay_temple_bridge_a_8

Action                   |  1- 3 |  4- 6 || total
-------------------------+-------+-------++-------
Melee: Dagger            |     2 |     9 ||    11
 Cast: Pain              |    68 |   101 ||   169
       Animate Skeleton  |    14 |     9 ||    23
       Animate Dead      |       |    13 ||    13
       Regeneration      |       |     3 ||     3
  Use: Scroll            |       |    11 ||    11
  Eat: Chunk             |     4 |     1 ||     5
       Bread ration      |       |     1 ||     1
       Meat ration       |       |     1 ||     1
